AoeStats
← gavinsenaratne

Arabia

509130211Analyzed
2v2 RM · 7d ago on Sep 25, 2026· 66m 49s· 4 players
Game mode
Random Map
Map size
Medium (4 player)
Population
200
Speed
Normal
Resources
Standard
Victory
Conquest
Starting age
Dark Age
Ending age
Imperial Age
RankedLock teamsTeams togetherTeam positionsShared explorationLock speedFull tech treeHidden civsTurbo modeCheats
Victory
Defeat
🇱🇰 Persians · Sri Lanka
858
+13
🇱🇰 Celts · Sri Lanka
717
+20
🇪🇸 Khmer · Spain
814
-17
🇪🇸 Byzantines · Spain
776
-16
DonRa
6:16 Loom
9:15 Feudal Age
10:12 Double-Bit Axe
14:31 Fletching
21:37 Castle Age
21:15 Wheelbarrow
21:26 Crossbowman
22:25 Bodkin Arrow
22:27 Pikeman
23:21 Padded Archer Armor
23:23 Scale Mail Armor
23:18 Horse Collar
24:30 Arson
25:30 Bloodlines
26:36 Scale Barding Armor
27:26 Forging
27:09 Town Watch
28:31 Bow Saw
29:44 Heavy Plow
30:24 Husbandry
31:46 Thumb Ring
32:40 Squires
33:53 Chain Barding Armor
36:04 Kamandaran
38:30 Leather Archer Armor
41:05 Iron Casting
41:20 Ballistics
40:56 Murder Holes
45:18 Imperial Age
46:28 Conscription
46:33 Heavy Camel Rider
48:24 Chemistry
49:17 Chain Mail Armor
49:33 Ring Archer Armor
49:39 Plate Barding Armor
51:38 Light Cavalry
56:14 Blast Furnace
59:36 Stone Mining
59:36 Gold Mining
65:03 Plate Mail Armor
67:11 Caravan
gavinsenaratne
2:41 Loom
10:21 Feudal Age
10:54 Double-Bit Axe
21:55 Castle Age
23:47 Wheelbarrow
24:11 Bow Saw
24:05 Pikeman
24:31 Gambesons
24:33 Arson
24:52 Town Watch
27:20 Gold Mining
31:30 Forging
31:21 Scale Mail Armor
38:35 Chain Mail Armor
38:56 Iron Casting
61:59 Imperial Age
63:20 Halberdier
64:40 Plate Mail Armor
Sirmordor15
11:31 Feudal Age
11:33 Loom
16:10 Double-Bit Axe
21:00 Wheelbarrow
20:12 Horse Collar
22:47 Castle Age
21:44 Horse Collar
25:14 Wheelbarrow
24:48 Husbandry
25:27 Forging
28:41 Scale Barding Armor
33:47 Imperial Age
35:21 Chain Barding Armor
41:25 Hand Cart
42:41 Iron Casting
42:52 Plate Barding Armor
43:50 Ballistics
44:30 Chemistry
43:48 Elite Skirmisher
44:39 Padded Archer Armor
44:30 Fletching
45:26 Heavy Camel Rider
48:59 Pikeman
49:40 Squires
49:58 Leather Archer Armor
49:39 Bodkin Arrow
49:44 Scale Mail Armor
53:32 Gold Mining
54:21 Conscription
63:36 Ring Archer Armor
63:07 Bracer
66:40 Murder Holes
66:31 Arrowslits
benyicou
6:11 Loom
10:53 Feudal Age
9:38 Loom
11:31 Double-Bit Axe
12:45 Horse Collar
13:06 Town Watch
14:23 Bloodlines
17:37 Scale Barding Armor
18:54 Forging
25:13 Castle Age
26:20 Fletching
28:09 Chain Barding Armor
31:54 Husbandry
37:55 Ballistics
41:51 Bow Saw
46:46 Wheelbarrow
47:10 Bodkin Arrow
47:16 Padded Archer Armor
46:51 Elite Skirmisher
50:03 Leather Archer Armor
62:17 Imperial Age
64:17 Chemistry
64:22 Ring Archer Armor
63:53 Bracer
Connection lost

Rejoining the realm…

Still unreachable

The connection could not be restored.

Session expired

The server has moved on; the page needs a fresh start.